 Dungeon Crawl Stone Soup version 0.26-a0-854-gdc81c2f471 (webtiles) character file.

Game seed: 2048464587897384902

30 ArcanElement the Magician (level 3, -1/19 HPs)
             Began as a Deep Elf Hedge Wizard on Nov 23, 2020.
             Slain by a hornet (3 damage)
             ... while paralysed by a hornet
             ... on level 2 of the Dungeon.
             The game lasted 00:02:59 (1591 turns).

ArcanElement the Magician (Deep Elf Hedge Wizard)   Turns: 1591, Time: 00:03:00

Health: -1/19      AC:  2    Str:  7    XL:     3   Next: 5%
Magic:  1/11       EV:  2    Int: 19    God:
Gold:   90         SH:  0    Dex: 14    Spells: 2/12 levels left

rFire    + . .     SeeInvis .   a - +0 dagger
rCold    . . .     Faith    .   (no shield)
rNeg     . . .     Spirit   .   b - +0 robe
rPois    .         Reflect  .   c - +0 hat
rElec    .         Harm     .   (no cloak)
rCorr    .         Rampage  .   (no gloves)
MR       .....                  (no boots)
Stlth    ++........             (no amulet)
HPRegen  0.06/turn              i - ring of protection from fire
MPRegen  0.12/turn              (no ring)

@: paralysed, very slightly contaminated, invisible
A: no striking features
a: no special abilities


You were on level 2 of the Dungeon.
You visited 1 branch of the dungeon, and saw 2 of its levels.

You collected 90 gold pieces.

Inventory:

Hand Weapons
 a - a +0 dagger (weapon)
Armour
 b - a +0 robe (worn)
 c - a +0 hat (worn)
Jewellery
 i - a ring of protection from fire (left hand)
Scrolls
 e - 2 scrolls of enchant weapon {unknown}
 g - 2 scrolls of identify {unknown}
 j - a scroll of immolation {unknown}


   Skills:
 - Level 2.4 Dodging
 - Level 2.4 Stealth
 - Level 5.0 Spellcasting
 - Level 2.0 Conjurations
 + Level 1.0 Hexes
 + Level 1.4 Summonings
 + Level 1.5 Translocations


You had 2 spell levels left.
You knew the following spells:

 Your Spells              Type           Power        Failure   Level
a - Magic Dart            Conj           ##..         5%          1
b - Blink                 Tloc           N/A          10%         2
c - Call Imp              Summ           ##......     11%         2
d - Slow                  Hex            #.......     12%         2
e - Mephitic Cloud        Conj/Pois/Air  #.......     28%         3

Your spell library contained the following spells:

 Spells                   Type           Power        Failure   Level
 Conjure Flame            Conj/Fire      #.......     24%         3


Dungeon Overview and Level Annotations

Branches:
Dungeon (2/15)

Altars:


Message History

A rat comes into view.
You aren't carrying any items that you can evoke.
It was a potion of heal wounds.
You feel much better.
It was a potion of curing.
You feel better. The hornet barely misses you.
The giant cockroach waves its antennae.
It was a potion of invisibility.
You fade into invisibility!
The hornet barely misses you. The hornet stings you!
You feel yourself slow down. The hornet barely misses you.
Found an orange potion.
Found an escape hatch in the ceiling.
A rat comes into view.
You feel yourself speed up. The hornet closely misses you.
The hornet stings you!
Ouch! That really hurt!
* * * LOW HITPOINT WARNING * * *
You suddenly lose the ability to move!
The hornet stings you.
You die...

..####.#...........>.r.......
..# #.#...#..#.##.####.##.#.
..# #.#......#(##.# .. ..#
#.#...#..#.##.####.##.# ...
..#.............[..## # ..#
#.# ................. .. .#
.......##B##.....
..#..####.##...##
.......@y........
.r...............
..#..####......## ....
+.....## ... #....... ..
#r....... . !.......< .......


You could see a hornet and a rat (wandering).

Vanquished Creatures
  A worm (D:2)
  A dart slug (D:1)
  2 goblins (D:1)
  7 hobgoblins (D:1)
  A ball python (D:1)
  A bat (D:1)
  4 frilled lizards (D:1)
  3 kobolds (D:1)
  5 rats (D:1)
25 creatures vanquished.

Vanquished Creatures (collateral kills)
  2 quokkas (D:2)
2 creatures vanquished.

Vanquished Creatures (others)
  A plant (D:1)
1 creature vanquished.

Grand Total: 28 creatures vanquished

Notes
Turn   | Place    | Note
-------+----------+-------------------------------------------
     0 | D:1      | ArcanElement the Deep Elf Hedge Wizard began the quest for
                  | the Orb.
     0 | D:1      | Reached XP level 1. HP: 10/10 MP: 7/7
   582 | D:1      | Reached XP level 2. HP: 15/15 MP: 6/9
   618 | D:1      | Learned a level 2 spell: Blink
   621 | D:1      | Learned a level 2 spell: Call Imp
   624 | D:1      | Learned a level 2 spell: Slow
   727 | D:1      | Reached skill level 5 in Spellcasting
  1488 | D:2      | Reached XP level 3. HP: 19/19 MP: 3/11
  1492 | D:2      | Learned a level 3 spell: Mephitic Cloud
  1561 | D:2      | Noticed a hornet
  1574 | D:2      | Reached skill level 1 in Hexes
  1590 | D:2      | Paralysed by a hornet for 3 turns
  1591 | D:2      | Slain by a hornet

Illustrated notes

Levels and vault maps discovered:
D:1:      lordsloth_arrival_two_stooges, layout_basic, serial_forest,
          infiniplex_forest_end_2, infiniplex_forest_end_2,
          infiniplex_forest_zigzag_1, infiniplex_forest_zigzag_2,
          infiniplex_forest_lined_corner, infiniplex_forest_clump_small,
          infiniplex_forest_lined_2, infiniplex_forest_straight_2,
          infiniplex_forest_lined_corner, infiniplex_forest_lined_room_,
          minmay_tetromino_l2
D:2:      layout_basic, okawaru_trees_1, hangedman_ru_absence,
          kennysheep_generic_room_6, uniq_natasha

Skill      XL: |  1  2  3 |
---------------+----------+-----
Conjurations   | 2 |  2.0
Spellcasting   | 5 |  5.0
Hexes          | 1 |  1.0
Dodging        | |  2.4
Stealth        | |  2.4
Summonings     | |  1.4
Translocations | |  1.5

Action                   || total
-------------------------++-------
Melee: Dagger            ||    28
 Cast: Magic Dart        ||    52
       Call Imp          ||     6
  Use: Potion            ||     3
 Stab: Sleeping          ||     2
Armor: Robe              ||     1
Dodge: Dodged            ||     9

Table legend: (Time is in decaauts)
 A = Elapsed time spent in this place.
 B = Non-inter-level travel time spent in this place.
 C = Inter-level travel time spent in this place.
 D = Time resting spent in this place.
 E = Time spent auto-exploring this place.
 F = Levels seen in this place.
 G = Mean time per level.
                   A        B        C        D        E       F      G
               +--------+--------+--------+--------+--------+-----+--------+
         Total |   1591 |   1460 |    131 |     83 |   1185 |   2 |  795.5 |
       Dungeon |   1591 |   1460 |    131 |     83 |   1185 |   2 |  795.5 |
               +--------+--------+--------+--------+--------+-----+--------+

Top non-repeatable levels by time:
     D:1: 1437 daAuts
     D:2: 153 daAuts
